 Dungeon Crawl Stone Soup version 0.23.0 (webtiles) character file.

Game seed: 3193047428665537216

3978 kaze the Cleaver (level 10, 0/89 HPs)
             Began as a Hill Orc Berserker on Feb 9, 2019.
             Was a High Priest of Trog.
             Slain by a komodo dragon (15 damage)
             ... on level 8 of the Dungeon.
             The game lasted 00:17:12 (7420 turns).

kaze the Cleaver (Hill Orc Berserker)               Turns: 7420, Time: 00:17:14

Health: 0/89       AC: 18    Str: 24    XL:     10   Next: 22%
Magic:  0/10       EV: 10    Int:  7    God:    Trog [*****.]
Gold:   336        SH:  0    Dex: 15    Spells: 9/9 levels left

rFire    . . .     SeeInvis .   t - +3 great sword (protect)
rCold    . . .     Gourm    .   (shield currently unavailable)
rNeg     . . .     Faith    .   k - +1 chain mail
rPois    .         Spirit   +   (no helmet)
rElec    .         Reflect  .   u - scarf {Spirit}
rCorr    .         Harm     .   (no gloves)
MR       .....                  (no boots)
Stlth    ..........             l - amulet of regeneration
HPRegen  0.64/turn              m - +5 ring of dexterity
MPRegen  0.12/turn              (no ring)

@: lethally poisoned (0 -> 0), protection aura, berserk cooldown, slowed, very
slow
A: no striking features
a: Berserk, Trog's Hand, Brothers in Arms, Renounce Religion


You were on level 8 of the Dungeon.
You worshipped Trog.
Trog was extremely pleased with you.
You were not hungry.

You visited 1 branch of the dungeon, and saw 8 of its levels.
You also visited: Sewer and Ossuary.

You collected 444 gold pieces.
You spent 108 gold pieces at shops.

Inventory:

Hand Weapons
 t - a +3 great sword of protection (weapon)
Armour
 k - a +1 chain mail (worn)
 u - a scarf of spirit shield (worn)
Jewellery
 l - an amulet of regeneration (around neck)
 m - a +5 ring of dexterity (left hand)
Wands
 i - a wand of disintegration (16)
Scrolls
 b - a scroll of magic mapping {unknown}
 h - 5 scrolls of remove curse
 n - 2 scrolls of fear
 p - 5 scrolls of identify
 r - a scroll of enchant armour
 s - 4 scrolls of teleportation
Potions
 d - 4 potions of curing
 e - a potion of haste {unknown}
 f - 3 potions of flight
 g - 5 potions of heal wounds
 j - a potion of cancellation
 o - a potion of invisibility
 q - 2 potions of lignification
 v - a potion of ambrosia {unknown}
Miscellaneous
 a - a lightning rod (4/4)
Comestibles
 c - 13 rations


   Skills:
 + Level 8.3 Fighting
   Level 3.8(6.2) Short Blades
 + Level 8.3(8.8) Long Blades
   Level 9.4 Axes
 + Level 6.8 Armour
 + Level 3.5 Dodging
 + Level 0.8 Stealth


You had 9 spell levels left.
You didn't know any spells.
Your spell library was empty.

Dungeon Overview and Level Annotations

Branches:
Dungeon (8/15)             Temple (0/1) D:5
   Lair: D:8-11

Altars:
Xom

Shops:
D:4 ?


Message History

You feel yourself slow down.
You feel sick.
You feel sick.
The komodo dragon hisses menacingly.
The komodo dragon bites you!
* * * LOW HITPOINT WARNING * * *
You feel much better. The komodo dragon bites you!!
* * * LOW HITPOINT WARNING * * *
The necrophage misses you.
You feel much better.
You feel sick. The komodo dragon bites you.
The necrophage hits you but does no damage.
The komodo dragon bites you but does no damage.
You slice the komodo dragon!!
Your weapon exudes an aura of protection.
The komodo dragon is heavily wounded.
The necrophage hits you. The komodo dragon bites you!!
* * * LOW HITPOINT WARNING * * *
The necrophage hits you but does no damage.
The komodo dragon bites you!
You die...

#.#
#.##################.#
#.# #.# #.# #.#
######.# ##.#
#.#####......#
###########...
#.†..##.######
#.............
####.##.#
#.#########... ######
### ### #### # #.
#####n#####
#.#.###..lll@...##
##.##.)......###....##
## ## #..........###
####..#####.####.
......###.#.#
#.##...###..... .....
##### #######†..#####
...# #.#### #. ## #
### ### ### #


You could see 2 komodo dragons, a basilisk and a necrophage.

Vanquished Creatures
  Grinder (Sewer)
  Sigmund (D:2)
  A wyvern (D:8)
  Edmund (D:6)
  A water moccasin (D:8)
  An orc warrior (D:8)
  A swamp drake (D:8)
  2 black bears
  A phantom (D:6)
  3 ogres
  3 centaurs
  2 big kobolds (Sewer)
  3 bullfrogs
  2 scorpions
  4 killer bees (D:8)
  5 wights (D:7)
  2 howler monkeys
  4 crimson imps
  A bullfrog zombie (D:7)
  6 hounds
  2 jellies
  A quasit (Sewer)
  A bullfrog skeleton (D:4)
  2 orc priests (D:8)
  A human zombie (Ossuary)
  7 orc wizards
  An iguana (D:8)
  5 worker ants
  5 big kobold zombies
  2 hound zombies (Ossuary)
  4 mummies (Ossuary)
  A worker ant zombie (D:5)
  A howler monkey skeleton (D:6)
  13 adders
  5 shadow imps
  4 ufetubi (Sewer)
  2 oozes
  2 worms
  4 dart slugs
  7 leopard geckos
  23 orcs
  3 ball pythons
  9 bats
  3 giant cockroaches
  7 goblins
  7 hobgoblins
  2 jackals (D:1)
  21 kobolds
  3 quokkas
  9 frilled lizards
  A gnoll zombie (Ossuary)
  2 goblin zombies (Ossuary)
  A hobgoblin zombie (Ossuary)
  A jackal zombie (Ossuary)
  A kobold zombie (Sewer)
  3 orc zombies (Ossuary)
  2 quokka skeletons
  7 rats
220 creatures vanquished.

Vanquished Creatures (others)
  A kobold zombie (Sewer)
1 creature vanquished.

Grand Total: 221 creatures vanquished

Notes
Turn   | Place    | Note
-------+----------+-------------------------------------------
     0 | D:1      | kaze the Hill Orc Berserker began the quest for the Orb.
     0 | D:1      | Reached XP level 1. HP: 19/19 MP: 1/1
    69 | D:1      | Reached XP level 2. HP: 4/27 MP: 2/2
   807 | D:1      | Reached XP level 3. HP: 33/33 MP: 3/3
   995 | D:2      | Reached ** piety under Trog
   995 | D:2      | Reached skill level 5 in Axes
  1045 | D:2      | Noticed Sigmund
  1062 | D:2      | Killed Sigmund
  1062 | D:2      | Reached skill level 6 in Axes
  1062 | D:2      | Reached XP level 4. HP: 14/41 MP: 4/4
  1062 | D:2      | Reached XP level 5. HP: 16/47 MP: 5/5
  1483 | D:2      | Found a shimmering altar of Xom.
  1574 | D:2      | Reached XP level 6. HP: 55/55 MP: 6/6
  1888 | D:3      | Reached skill level 7 in Axes
  2221 | D:3      | Found a glowing drain.
  2233 | Sewer    | Entered a sewer
  2284 | Sewer    | Reached *** piety under Trog
  2350 | Sewer    | Found a burning altar of Makhleb.
  2364 | Sewer    | Reached skill level 5 in Fighting
  2371 | Sewer    | Noticed Grinder
  2383 | Sewer    | Paralysed by Grinder for 4 turns
  2392 | Sewer    | Reached skill level 8 in Axes
  2392 | Sewer    | Reached XP level 7. HP: 45/61 MP: 7/7
  2396 | Sewer    | Killed Grinder
  2443 | Sewer    | Reached skill level 9 in Axes
  3028 | D:3      | Reached **** piety under Trog
  3262 | D:4      | Reached XP level 8. HP: 34/70 MP: 8/8
  3387 | D:4      | Found Nopyv's Magic Scroll Shoppe.
  3390 | D:4      | Bought a scroll of identify for 24 gold pieces
  3390 | D:4      | Bought a scroll of remove curse for 36 gold pieces
  3390 | D:4      | Bought a scroll of identify for 24 gold pieces
  3390 | D:4      | Bought a scroll of identify for 24 gold pieces
  3492 | D:4      | Reached skill level 1 in Short Blades
  4147 | D:5      | Entered Level 5 of the Dungeon
  4219 | D:5      | Reached skill level 5 in Armour
  4350 | D:5      | Found a sand-covered staircase.
  4359 | Ossuary  | Entered an ossuary
  4742 | D:5      | Reached ***** piety under Trog
  5082 | D:5      | Reached skill level 1 in Long Blades
  5314 | D:5      | Found a staircase to the Ecumenical Temple.
  5849 | D:6      | Noticed Edmund
  5859 | D:6      | Killed Edmund
  5859 | D:6      | Reached XP level 9. HP: 72/79 MP: 6/9
  6344 | D:7      | Reached skill level 5 in Long Blades
  6714 | D:8      | Received a gift from Trog
  7188 | D:8      | Reached XP level 10. HP: 87/88 MP: 10/10
  7420 | D:8      | Slain by a komodo dragon

Skill      XL: |  1  2  3  4  5  6  7  8  9 10 |
---------------+-------------------------------+-----
Fighting       | 4 5 6 7 8 |  8.3
Axes           | 6 8 9 |  9.4
Dodging        | 2 3 |  3.5
Armour         | 3 4 5 6 |  6.8
Short Blades   | 3 |  3.8
Long Blades    | 2 7 8 |  8.3
Stealth        | |  0.8

Action                   |  1- 3 |  4- 6 |  7- 9 | 10-12 || total
-------------------------+-------+-------+-------+-------++-------
Melee: Hand axe          |    86 |   177 |    91 |       ||   354
       Short sword       |       |       |   272 |       ||   272
       Great sword       |       |       |   180 |    37 ||   217
Invok: Berserk           |     1 |     1 |     2 |     1 ||     5
       Trog's Hand       |       |       |     1 |       ||     1
  Use: Scroll            |     1 |     5 |     9 |       ||    15
       Potion            |       |       |     8 |     2 ||    10
  Eat: Chunk             |       |     6 |     5 |       ||    11
       Ration            |       |       |     4 |     1 ||     5
Armor: Animal skin       |     6 |       |       |       ||     6
       Leather armour    |     3 |       |       |       ||     3
       Ring mail         |     8 |     5 |       |       ||    13
       Chain mail        |       |    81 |   482 |    32 ||   595
Dodge: Dodged            |    72 |    71 |   342 |    26 ||   511
       Rpst.: Great sword |       |       |    32 |     4 ||    36
